[Event "*** Titled Tuesday Blitz"]
[Site "Chess.com"]
[Date "2020.04.14"]
[Round "2"]
[White "BrianEscalante"]
[Black "GMaka"]
[Result "1-0"]
[WhiteElo "2504"]
[BlackElo "2256"]
[TimeControl "180+1"]
[EndTime "10:17:17 PDT"]
[Termination "BrianEscalante won by resignation"]

1. e4 c6 2. d4 d5 3. f3 Qb6 4.
Nc3 e6 5. a3 Nf6 6. e5 Nfd7 7.
f4 g6 8. Nf3 Bg7 9. Be3 a6 10.
Be2 Qc7 11. h4 h5 12. Ng5 c5 13. dxc5 Nxc5 14. g4 hxg4 15. Bxg4 b6 16. h5 Nc6 17. Bf3 Ne7 18. hxg6 Rxh1+ 19. Bxh1 Nxg6 20. Qh5 Bf8 21. O-O-O Bb7 22. Qh7 Qe7 23. Kb1 O-O-O 24. Qxf7 Qxf7 25. Nxf7 Rd7 26. Ng5 Bh6 27. Bxc5 Bxg5 28. fxg5 bxc5 29. Na4 Rc7 30. c4 Nxe5 31. cxd5 Bxd5 32. Nb6+ Kb7 33.
Nxd5 exd5 34. Rxd5 Nc6 35. Rxc5 Kb6 36. Rxc6+ Rxc6 37. Bxc6 Kxc6 38. Kc2 1-0

[Event "*** Titled Tuesday Blitz"]
[Site "Chess.com"]
[Date "2020.04.14"]
[Round "2"]
[White "plumalka"]
[Black "m-garcett"]
[Result "1-0"]
[WhiteElo "2381"]
[BlackElo "2007"]
[TimeControl "180+1"]
[EndTime "10:17:17 PDT"]
[Termination "plumalka won on time"]

1. e4 c5 2. Nf3 d6 3. d4 cxd4 4.
Nxd4 Nf6 5. Nc3 a6 6. Nb3 e6 7. g4 b5 8. Bg2 Bb7 9. g5 Nfd7 10. h4 Nb6 11. Na5 Qc7 12. Nxb7 Qxb7 13. a4 b4 14. Ne2 N8d7 15. a5 Nc4 16. b3 Nce5 17. f4 Nc6 18. Nd4 Nxd4 19. Qxd4 Rc8 20.
Qf2 Qc6 21. Ra2 Qc5 22. Be3 Qc3+ 23. Bd2 Qc5 24. O-O Qxf2+ 25. Kxf2 Rb8 26. Ra4 Rc8 27. Rc1 Nc5 28. Rxb4 d5 29. Rb6 Nxe4+ 30. Bxe4 Bc5+ 31. Be3 Bxb6 32. axb6 dxe4 33. c4 O-O 34. c5 Rc6 35. Ra1 Rfc8 36. Rxa6 Rb8 37. b4 f6 38. b5 Rcc8 39. c6 e5 40. fxe5 fxe5 41. b7 Rf8+ 42. Ke2 h6 43. Ra7 Kh7 44. c7 hxg5 45. hxg5 1-0

[Event "*** Titled Tuesday Blitz"]
[Site "Chess.com"]
[Date "2020.04.14"]
[Round "2"]
[White "Gordima"]
[Black "Valuebet2000"]
[Result "1-0"]
[WhiteElo "2772"]
[BlackElo "2543"]
[TimeControl "180+1"]
[EndTime "10:17:18 PDT"]
[Termination "Gordima won by resignation"]

1. d4 d5 2. c4 e6 3. Nc3 Nf6 4. cxd5 Nxd5 5. e4 Nxc3 6. bxc3 c5 7. Rb1 b6 8. Nf3 Be7 9. Bd3 O-O 10. O-O Bb7 11. Be3 Qc7 12. Qe2 Nd7 13. Rfc1 Rfe8 14.
a4 Nf6 15. Nd2 c4 16. Bc2 Rac8 17. f3 Ba6 18. Rd1 Red8 19. Nf1 e5 20. dxe5 Qxe5 21. Bd4 Bc5 22. Qf2 Bxd4 23. cxd4 Qa5 24. Ne3 c3 25. Qg3 Be2 26. Re1 Ba6 27. Nf5 g6 28. Qg5 Ne8 29.
Ne7+ Kg7 30. Qxa5 bxa5 31. Nxc8 Rxc8 32. Re3 Nd6 33. Rb3 Nc4 34. Rexc3 Rd8 35. d5 Nd2 36. Rb2 Rd6 37. Bd3 1-0

[Event "*** Titled Tuesday Blitz"]
[Site "Chess.com"]
[Date "2020.04.14"]
[Round "2"]
[White "Toro1234"]
[Black "nickmatta"]
[Result "1-0"]
[WhiteElo "2621"]
[BlackElo "2304"]
[TimeControl "180+1"]
[EndTime "10:17:18 PDT"]
[Termination "Toro1234 won by resignation"]

1. d4 d5 2. Bf4 Nf6 3. e3 c5 4. c3 Nc6 5. Nd2 e6 6. Ngf3 Bd6 7. dxc5 Bxc5 8. Bd3 O-O 9. Qe2 Bd6 10. Bxd6 Qxd6 11.
O-O e5 12. e4 Bg4 13. h3 Bh5 14.
Rad1 Rad8 15. Rfe1 h6 16. exd5 Qxd5 17. Ne4 Nxe4 18. Bxe4 Qxa2 19. g4 Bg6 20. Bxc6 bxc6 21. Nxe5 Rxd1 22. Rxd1 Qe6 23. f4 Re8 24. Qf3 Bc2 25.
Rd2 Ba4 26. Kf2 f6 27. Nd3 Bb5 28. Re2 Qxe2+ 29. Qxe2 Rxe2+ 30. Kxe2 Kf7 31. b3 Bxd3+ 32. Kxd3 Ke6 33. Kc4 Kd6 34. Kb4 g6 35. Ka5 Kc7 36. Ka6 Kb8 37. b4 Ka8 38. f5 gxf5 39. gxf5 h5 40. h4 Kb8 41. c4 Ka8 42. b5 cxb5 43. cxb5 Kb8 44. b6 axb6 45. Kxb6 Kc8 46. Kc6 Kd8 47. Kd6 Ke8 48. Ke6 Kf8 49. Kxf6 Kg8 50. Ke7 Kg7 51. f6+ Kg6 52. f7 Kh7 53. f8=Q 1-0

[Event "*** Titled Tuesday Blitz"]
[Site "Chess.com"]
[Date "2020.04.14"]
[Round "2"]
[White "RestartingChess"]
[Black "leopato"]
[Result "1-0"]
[WhiteElo "2396"]
[BlackElo "2089"]
[TimeControl "180+1"]
[EndTime "10:17:18 PDT"]
[Termination "RestartingChess won by resignation"]

1. e4 Nf6 2. e5 Nd5 3. d4 d6 4. c4 Nb6 5. exd6 exd6 6. Nc3 Be7 7. Bd3 O-O 8. Nge2 Bf6 9. O-O Bg4 10. f3 Bh5 11. Be3 Bg6 12. b3 Nc6 13. Rc1 Re8 14. Bf2 d5 15. c5 Nc8 16. a3 a5 17. Bxg6 hxg6 18. Rb1 N8e7 19. b4 axb4 20. axb4 Nf5 21. Nb5 Ra2 22. Re1 Ncxd4 23. Nbxd4 Nxd4 24. Nxd4 Rxf2 25. Kxf2 Rxe1 26. Kxe1 Qe7+ 27. Ne2 d4 28. Kf1 Qe5 29. Kg1 Qe3+ 30. Kh1 d3 31. Ng3 Be5 32. Rb3 Qh6 33. Nf1 c6 34. Rxd3 Kh7 35. Qe1 Bf6 36.
Rd7 Qf4 37. Rxf7 g5 38. Qe4+ 1-0

[Event "*** Titled Tuesday Blitz"]
[Site "Chess.com"]
[Date "2020.04.14"]
[Round "2"]
[White "BilodeauA"]
[Black "AndrewMaco"]
[Result "1-0"]
[WhiteElo "2905"]
[BlackElo "2601"]
[TimeControl "180+1"]
[EndTime "10:17:19 PDT"]
[Termination "BilodeauA won by resignation"]

1. e4 c6 2. Nf3 d5 3. d3 dxe4 4. dxe4 Qxd1+ 5. Kxd1 Nd7 6. Nbd2 g6 7. Ne1 Bg7 8. c3 f5 9. exf5 gxf5 10. Nb3 Ngf6 11.
f3 Nd5 12. Nc2 O-O 13. Ne3 Nxe3+ 14. Bxe3 f4 15. Bd4 Bxd4 16. cxd4 Nb6 17. Bd3 Bf5 18. Kd2 Bxd3 19. Kxd3 Nd5 20. Rhe1 Rad8 21. Re4 Kh8 22. Rae1 Rg8 23. R1e2 b6 24. a3 Rg6 25. Re6 Kg7 26. Nd2 Kf7 27. Rxg6 hxg6 28. Nc4 Kf6 29. Ne5 Rd6 30. Ke4 Re6 31. Rc2 Ne3 32. Rxc6 Nxg2 33. d5 Rd6 34. Nc4 Rxc6 35. dxc6 Ke6 36. Ne5 Kd6 37.
Nxg6 Kxc6 38. h4 Nxh4 39. Nxh4 Kc5 40. b3 a5 41. Nf5 b5 42. Nxe7 a4 43. bxa4 bxa4 44.
Kxf4 Kc4 45. Nc8 Kb3 46. Nb6 Kxa3 47. Nxa4 Kxa4 48. Ke5 Kb5 49. f4 Kc6 50. Ke6 1-0

[Event "*** Titled Tuesday Blitz"]
[Site "Chess.com"]
[Date "2020.04.14"]
[Round "2"]
[White "GHANDEEVAM2003"]
[Black "AttilaTurzo"]
[Result "1-0"]
[WhiteElo "2920"]
[BlackElo "2502"]
[TimeControl "180+1"]
[EndTime "10:17:20 PDT"]
[Termination "GHANDEEVAM2003 won by resignation"]

1. e4 c5 2. Nf3 g6 3. d4 cxd4 4. Nxd4 Nc6 5. c4 Bg7 6. Be3 Nf6 7. Nc3 d6 8. Be2 O-O 9. O-O Bd7 10. Qd2 Nxd4 11. Bxd4 Bc6 12. f3 a5 13. b3 Nd7 14.
Rfd1 Bxd4+ 15. Qxd4 Qb6 16. Qxb6 Nxb6 17. Kf2 Rfc8 18.
Ke3 Nd7 19. a3 Nc5 20. Rab1 b6 21. h4 h6 22. f4 Kf8 23. g4 Nd7 24. Bf3 Rab8 25.
Be2 Nc5 26. Rdc1 e5 27. f5 g5 28. hxg5 hxg5 29. b4 axb4 30. axb4 Na4 31. Nxa4 Bxa4 32. b5 Ra8 33. Bd3 Ke7 34. Rb4 Ra7 35. Ra1 Rca8 36. Kd2 Kd7 37. Kc3 Ke7 38. Rb2 f6 39. Rba2 Kf7 40. Kb4 Rh8 41. Rxa4 Rxa4+ 42. Rxa4 Rh3 43.
Bc2 Rg3 44. Ra7+ Ke8 45. Rb7 Rxg4 46. Rxb6 Rg2 47. Kc3 g4 48. Rxd6 Ke7 49. Re6+ Kf7 50. b6 Rg3+ 51. Bd3 Rxd3+ 52. Kxd3 g3 53. Ke3 g2 54. Kf2 g1=Q+ 55. Kxg1 1-0

[Event "*** Titled Tuesday Blitz"]
[Site "Chess.com"]
[Date "2020.04.14"]
[Round "2"]
[White "SavelievAlexei"]
[Black "Sebastian"]
[Result "1-0"]
[WhiteElo "2375"]
[BlackElo "2992"]
[TimeControl "180+1"]
[EndTime "10:17:20 PDT"]
[Termination "SavelievAlexei won on time"]

1. e4 c5 2. Nf3 d6 3. d4 cxd4 4. Nxd4 Nf6 5. Nc3 a6 6. Bg5 Nbd7 7. f4 Qc7 8. Qf3 h6 9. Bxf6 Nxf6 10. f5 Qc5 11. O-O-O g5 12. fxg6 Bg4 13. gxf7+ Kxf7 14. Qd3 Bxd1 15. Nxd1 e6 16. g3 Bg7 17. Bh3 Rhe8 18. Rf1 Rad8 19. Ne3 h5 20. c3 b5 21. a3 Rc8 22.
Kb1 Qe5 23. Nf3 Qc5 24. Nd4 Rb8 25. g4 hxg4 26. Nxg4 Qg5 27. Nc6 Ra8 28. Qxd6 Kg8 29. Nxf6+ Bxf6 30. e5 Bg7 31. Qd4 1-0

[Event "*** Titled Tuesday Blitz"]
[Site "Chess.com"]
[Date "2020.04.14"]
[Round "2"]
[White "MikaelyanArman"]
[Black "LuckSlayeer"]
[Result "0-1"]
[WhiteElo "2818"]
[BlackElo "2587"]
[TimeControl "180+1"]
[EndTime "10:17:21 PDT"]
[Termination "LuckSlayeer won by resignation"]

1. Nf3 d5 2. d4 Nf6 3. c4 c6 4.
Nc3 e6 5. g3 Nbd7 6. Bg2 Be7 7.
O-O O-O 8. Nd2 b6 9. e4 dxe4 10.
Ndxe4 Bb7 11. Be3 Nxe4 12. Nxe4 Nf6 13. Rc1 Qc8 14. Nxf6+ Bxf6 15. c5 Rd8 16. Qa4 b5 17.
Qb4 a5 18. Qb3 Bxd4 19. Rfd1 Bxe3 20. Qxe3 Qc7 21. h4 Rxd1+ 22. Rxd1 Rd8 23. Re1 b4 24. g4 Ba6 25. g5 Bc4 26. h5 Bd5 27.
Bh3 g6 28. h6 Bc4 29. b3 Rd3 30. Qe5 Qxe5 31. Rxe5 Rxh3 32. bxc4 Kf8 33. Re2 Rd3 34. Kg2 Ke7 35. f3 Rd4 36. Kg3 Rxc4 37. Rd2 Rxc5 38.
f4 Rd5 39. Rc2 c5 40. Kg4 a4 41. Re2 c4 42. Re4 Rc5 43. Re1 b3 44. axb3 axb3 45.
Ra1 b2 46. Ra7+ Ke8 47. Rb7 c3 48. Rb8+ Ke7 49. Rb7+ Ke8 50. Rb8+ Kd7 51. Rb7+ Rc7 0-1

[Event "*** Titled Tuesday Blitz"]
[Site "Chess.com"]
[Date "2020.04.14"]
[Round "2"]
[White "Cayse"]
[Black "tonyq11"]
[Result "1-0"]
[WhiteElo "2657"]
[BlackElo "2252"]
[TimeControl "180+1"]
[EndTime "10:17:21 PDT"]
[Termination "Cayse won by resignation"]

1. d4 d5 2. Bf4 Nf6 3. e3 c5 4. Nf3 e6 5. Nbd2 Bd6 6. dxc5 Bxf4 7. exf4 a5 8. Bd3 O-O 9. O-O Nbd7 10. Nb3 a4 11. Nbd4 Nxc5 12. Ne5 Nce4 13. c3 a3 14.
Qc2 axb2 15. Qxb2 Qa5 16. Rfc1 Nc5 17. Bb5 Qc7 18. c4 Qd6 19. a4 Nfe4 20. cxd5 exd5 21. f3 Nf6 22. Qb4 Nce4 23. Qb2 Nc5 24. a5 Rd8 25. Qb4 Ne6 26. Qxd6 Rxd6 27. Nf5 Rd8 28. g3 Kf8 29. Ne3 d4 30. N3c4 Nd5 31. Nb6 Nxb6 32. axb6 Rxa1 33. Rxa1 Ke7 34. Kf2 Nc5 35. Rc1 Nd7 36. Rc7 Kd6 37. Nxf7+ 1-0

[Event "*** Titled Tuesday Blitz"]
[Site "Chess.com"]
[Date "2020.04.14"]
[Round "2"]
[White "Alex_Molchanov"]
[Black "Sueetin"]
[Result "1-0"]
[WhiteElo "2576"]
[BlackElo "2298"]
[TimeControl "180+1"]
[EndTime "10:17:23 PDT"]
[Termination "Alex_Molchanov won on time"]

1. d4 Nf6 2. c4 e6 3. Nf3 d5 4.
Nc3 Bb4 5. cxd5 exd5 6. Bg5 O-O 7.
e3 h6 8. Bxf6 Qxf6 9. Be2 Be6 10. O-O Nc6 11. Rc1 a6 12. Na4 Rae8 13. Bxa6 Bc8 14.
Be2 Bd6 15. Nc5 Ne7 16. Nd3 Ng6 17. b4 Re4 18. Nfe5 Nh4 19. Bf3 Qg5 20. Nf4 f6 21.
Ned3 f5 22. g3 Nxf3+ 23. Qxf3 c6 24. b5 Bd7 25. bxc6 bxc6 26. Nc5 Be8 27. a4 Qf6 28. a5 Bxf4 29. Nxe4 1-0

[Event "*** Titled Tuesday Blitz"]
[Site "Chess.com"]
[Date "2020.04.14"]
[Round "2"]
[White "SlavenPastar"]
[Black "GM4life"]
[Result "0-1"]
[WhiteElo "2414"]
[BlackElo "2181"]
[TimeControl "180+1"]
[EndTime "10:17:23 PDT"]
[Termination "GM4life won on time"]

1. d4 Nf6 2. c4 g6 3. Nc3 d5 4.
Qb3 dxc4 5. Qxc4 Bg7 6. Nf3 O-O 7. Bg5 Be6 8. Qd3 c5 9. dxc5 Qa5 10. Nd4 Bd7 11. Nb3 Qb4 12. e4 Nxe4 13. Bd2 Nxd2 14. Qxd2 a5 15. Nd5 Qe4+ 16. Ne3 a4 17. Bd3 Qc6 18.
Na5 Qxc5 19. Nac4 b5 20. Na3 Bc6 21. Rc1 Qg5 22. h4 Qe5 23. Rc2 Bxg2 24. f4 Qe6 25.
Rg1 Bc6 26. f5 Qf6 27. Qf2 Nd7 28. h5 Ne5 29. Be2 Rad8 30. Nxb5 Nd3+ 31. Bxd3 Rxd3 32.
Nc3 Rfd8 33. a3 Qd4 34. hxg6 Rxe3+ 35. Kf1 Rf3 36. gxh7+ Kxh7 37. Rh1+ Kg8 0-1

[Event "*** Titled Tuesday Blitz"]
[Site "Chess.com"]
[Date "2020.04.14"]
[Round "2"]
[White "TomsKantans"]
[Black "FeketeBarika"]
[Result "1-0"]
[WhiteElo "2658"]
[BlackElo "2309"]
[TimeControl "180+1"]
[EndTime "10:17:24 PDT"]
[Termination "TomsKantans won by resignation"]

1. e4 e6 2. c4 d5 3. cxd5 exd5 4. exd5 Qxd5 5. Nc3 Qd8 6. d4 Nf6 7. Bd3 Be7 8. Nf3 O-O 9. h3 c6 10. O-O Be6 11.
Re1 Nbd7 12. Ng5 Bd5 13. Nxd5 cxd5 14. Bf4 h6 15. Nf3 Rc8 16. Qb3 Nb6 17. a4 Qd7 18. a5 Nc4 19. Ne5 Nxe5 20. dxe5 Nh5 21. Be3 a6 22. Rad1 Bg5 23. Bb1 g6 24. Bxg5 hxg5 25.
Rxd5 Qc7 26. e6 Nf4 27. Rxg5 Nxe6 28. Rg4 Rce8 29. Bxg6 fxg6 30. Rxe6 Rxe6 31. Qxe6+ Rf7 32. Qxg6+ Kf8 33. Qg8+ Ke7 34. Re4+ Kd6 35. Qg6+ Kc5 36.
Qh5+ Kd6 37. Qe5+ Kd7 38. Qe6+ 1-0

[Event "*** Titled Tuesday Blitz"]
[Site "Chess.com"]
[Date "2020.04.14"]
[Round "2"]
[White "Quiet_Desperation"]
[Black "JiaHaoxiang"]
[Result "0-1"]
[WhiteElo "1916"]
[BlackElo "2628"]
[TimeControl "180+1"]
[EndTime "10:17:24 PDT"]
[Termination "JiaHaoxiang won on time"]

1. e4 c5 2. Nf3 e6 3. d4 cxd4 4. Nxd4 a6 5. Nc3 Qc7 6. Bd3 Nf6 7. Be3 Nc6 8. O-O Ne5 9. h3 Bc5 10. f4 Nc6 11. Nce2 Nxd4 12. Nxd4 d6 13. c3 O-O 14. Kh1 Bd7 15. Bc2 b5 16. Re1 Rfd8 17. Qd3 g6 18.
f5 exf5 19. exf5 Re8 20. Bg5 Nh5 21. fxg6 hxg6 22. Bb3 Kg7 23. Rf1 f6 24. Bh4 f5 25.
Nxf5+ Bxf5 26. Rxf5 gxf5 27. Qxf5 Re5 28. Qg4+ Kh8 29.
Rf1 Qg7 30. Qf3 Rae8 31. Bf7 Rf8 32. g4 Re3 33. Qf5 Rxf7 34. Qxh5+ Kg8 35. Rxf7 Qxf7 36. Qg5+ Kh7 0-1

[Event "*** Titled Tuesday Blitz"]
[Site "Chess.com"]
[Date "2020.04.14"]
[Round "2"]
[White "Rinas_Oleg"]
[Black "GM-2023"]
[Result "1-0"]
[WhiteElo "2401"]
[BlackElo "2082"]
[TimeControl "180+1"]
[EndTime "10:17:24 PDT"]
[Termination "Rinas_Oleg won by resignation"]

1. e4 e5 2. Nf3 Nc6 3. Bb5 Nf6 4. d3 Bc5 5. Bxc6 dxc6 6. O-O Bg4 7. Nbd2 Qe7 8. Nc4 Nd7 9. Be3 Bb6 10. Bxb6 axb6 11. Ne3 h5 12. a4 Nc5 13. b3 Ne6 14. h3 Nf4 15. hxg4 hxg4 16. Nxg4 Qe6 17. Nfh2 O-O-O 18. a5 g6 19. axb6 f5 20. Ra8+ Kd7 21. Rxd8+ Kxd8 22. bxc7+ Kxc7 23. Ne3 Qf6 24. Re1 Qh4 25. Nef1 Qg5 26.
Qf3 Nh3+ 27. Kh1 Nf4 28. exf5 gxf5 29. Rxe5 Rh3 30. gxh3 1-0

[Event "*** Titled Tuesday Blitz"]
[Site "Chess.com"]
[Date "2020.04.14"]
[Round "2"]
[White "hitaman"]
[Black "Dare-Dare"]
[Result "1-0"]
[WhiteElo "2646"]
[BlackElo "2188"]
[TimeControl "180+1"]
[EndTime "10:17:25 PDT"]
[Termination "hitaman won by resignation"]

1. d4 d6 2. Nf3 f5 3. g3 Nf6 4. Bg2 g6 5. b3 Bg7 6. Bb2 O-O 7. O-O c6 8. Nbd2 Qc7 9. c4 Re8 10. Re1 e5 11. dxe5 dxe5 12. e4 Nxe4 13. Nxe4 fxe4 14. Ng5 Bf5 15. Nxe4 Rd8 16. Qe2 Nd7 17. c5 Kh8 18. Nd6 Nxc5 19. Nxf5 gxf5 20. Bxe5 Qf7 21. Bxg7+ Qxg7 22. Qe5 Ne4 23. Qxg7+ Kxg7 24. Bxe4 fxe4 25. Rxe4 Re8 26.
Rae1 Rxe4 27. Rxe4 Kf6 28. Rh4 Kg6 29. Rd4 c5 30.
Rd6+ Kf5 31. Rd5+ Ke4 32. Rxc5 Rd8 33. Rc7 Kf3 34. Rf7+ Ke2 35. Rxb7 a5 36. Rxh7 Rf8 37. Re7+ Kd2 38. h4 Kc2 39. Re5 Ra8 40. h5 Kb2 41. h6 Kxa2 42. h7 Kxb3 43. Rxa5 1-0

[Event "*** Titled Tuesday Blitz"]
[Site "Chess.com"]
[Date "2020.04.14"]
[Round "2"]
[White "kingofthenil"]
[Black "EvgenyRomanov"]
[Result "1-0"]
[WhiteElo "2536"]
[BlackElo "2071"]
[TimeControl "180+1"]
[EndTime "10:17:25 PDT"]
[Termination "kingofthenil won by resignation"]

1. e4 c5 2. d3 Nc6 3. g3 e5 4. Bg2 g6 5. f4 d6 6. Nf3 Bg7 7. O-O Nge7 8. Nc3 Nd4 9. f5 gxf5 10. Nh4 f4 11. gxf4 Ng6 12. Nf5 Nxf5 13. exf5 Nxf4 14. Bxf4 exf4 15. Qh5 Be5 16. Rae1 Rg8 17. Nd5 Rg5 18.
Qxh7 Bxf5 19. Rxe5+ dxe5 20. Qh8+ Kd7 21. Qxe5 Rxg2+ 22. Kxg2 Qg5+ 23. Kh1 Kc6 24. Ne7+ Kb6 25. Nxf5 Rg8 26. Qd6+ Kb5 27. Qd5 f3 28. Nd6+ Kb6 29.
Qxb7+ 1-0

[Event "*** Titled Tuesday Blitz"]
[Site "Chess.com"]
[Date "2020.04.14"]
[Round "2"]
[White "BabyFacedAssasin"]
[Black "Chess_Boxer123"]
[Result "1-0"]
[WhiteElo "2271"]
[BlackElo "2488"]
[TimeControl "180+1"]
[EndTime "10:17:25 PDT"]
[Termination "BabyFacedAssasin won by checkmate"]

1. e4 c5 2. Nf3 Nc6 3. Bb5 g6 4. Bxc6 dxc6 5. d3 Bg7 6. h3 e5 7. Nc3 Ne7 8. O-O Qc7 9. Nh2 Be6 10. f4 exf4 11. Bxf4 Qd7 12. Ng4 Bxg4 13. Qxg4 Qxg4 14. hxg4 h5 15. g5 Kd7 16. a4 a5 17. Rab1 b6 18. Nd1 Ke6 19. Ne3 b5 20. axb5 cxb5 21. c4 Bd4 22. Kh2 b4 23. Nd5 Nxd5 24. cxd5+ Ke7 25. Rfe1 Rhd8 26. Be3 Be5+ 27. g3 Rdc8 28. Bf4 Bd4 29. Be3 Bg7 30. Rec1 Kd6 31. Bf4+ Kd7 32. Be3 Ra7 33. Rxc5 Rxc5 34. Bxc5 Rc7 35. Bb6 Rc2+ 36. Kh3 a4 37. Rf1 Ke8 38. d6 Bxb2 39. Rxf7 a3 40.
d7+ Kxf7 41. d8=Q a2 42. Qd7+ Kg8 43. Qe6+ Kh7 44. Qf7+ Bg7 45. Bd4 Rc7 46. Qxc7 a1=Q 47. Qxg7# 1-0

[Event "*** Titled Tuesday Blitz"]
[Site "Chess.com"]
[Date "2020.04.14"]
[Round "2"]
[White "konradrutkowski"]
[Black "viktorskliarov"]
[Result "0-1"]
[WhiteElo "2238"]
[BlackElo "2647"]
[TimeControl "180+1"]
[EndTime "10:17:26 PDT"]
[Termination "viktorskliarov won by checkmate"]

1. e4 c5 2. Nf3 Nc6 3. Bb5 e6 4. O-O Nge7 5. Re1 a6 6. Bf1 Nd4 7. c3 Nxf3+ 8. Qxf3 Nc6 9. Qd1 Qf6 10. Na3 g6 11. Nc4 b5 12. e5 Qd8 13. Nd6+ Bxd6 14. exd6 O-O 15. d4 cxd4 16. Bh6 Re8 17. Qd2 dxc3 18. Qxc3 f6 19. h4 Bb7 20. Re3 b4 21. Qd2 Qa5 22. Rg3 Kf7 23. Be2 Rac8 24. h5 Ne5 25.
hxg6+ hxg6 26. f4 Nc4 27. Qd3 Qf5 28. Qb3 Nxd6 29. Bd3 Be4 30. Qxb4 Qc5+ 31. Qxc5 Rxc5 32. Bxe4 Nxe4 33. Rh3 Rh8 34. Re1 d5 35. g4 Rc2 36. f5 gxf5 37. gxf5 Rg8+ 38. Kf1 Rf2# 0-1

[Event "*** Titled Tuesday Blitz"]
[Site "Chess.com"]
[Date "2020.04.14"]
[Round "2"]
[White "UmutErdemGunduz"]
[Black "KingChess345"]
[Result "1-0"]
[WhiteElo "2387"]
[BlackElo "2053"]
[TimeControl "180+1"]
[EndTime "10:17:26 PDT"]
[Termination "UmutErdemGunduz won on time"]

1. Nf3 c5 2. c4 Nc6 3. b3 e5 4. Bb2 d6 5. e3 g6 6. d4 exd4 7.
exd4 Bg7 8. Be2 Nge7 9. Qd2 O-O 10. d5 Ne5 11. Nxe5 dxe5 12. O-O Nf5 13. Re1 Nd4 14. Nc3 f5 15. Bf1 Bd7 16. Ne2 Re8 17. Nxd4 exd4 18. Rxe8+ Qxe8 19. Re1 Qf7 20. b4 b6 21. bxc5 bxc5 22. Qa5 Bf8 23. Ba3 Re8 24. Rxe8 Qxe8 25. Bxc5 Bxc5 26. Qxc5 Qe4 27. Qa3 f4 28. Qd3 Qxd3 29.
Bxd3 Kf7 30. Kf1 Kf6 31. Ke2 Ke5 32. g3 Bg4+ 33. f3 fxg3 34. hxg3 Bd7 35. f4+ Kd6 36.
Kf3 Kc5 37. g4 h5 38. gxh5 gxh5 39. f5 Kb4 40. f6 1-0

[Event "*** Titled Tuesday Blitz"]
[Site "Chess.com"]
[Date "2020.04.14"]
[Round "2"]
[White "Artur0208"]
[Black "english_player_89"]
[Result "0-1"]
[WhiteElo "2763"]
[BlackElo "2589"]
[TimeControl "180+1"]
[EndTime "10:17:27 PDT"]
[Termination "english_player_89 won by resignation"]

1. d4 Nf6 2. c4 g6 3. Nc3 Bg7 4. e4 d6 5. Be2 O-O 6. Be3 Na6 7. Nf3 e5 8. d5 Ng4 9. Bg5 f6 10. Bd2 f5 11. O-O Nc5 12. Ng5 Nf6 13. Be3 Nfxe4 14.
Ngxe4 Nxe4 15. Nxe4 fxe4 16. c5 Qh4 17. Rc1 Bh6 18. cxd6 cxd6 19. Rc7 Bxe3 20. fxe3 Qd8 21. Rxf8+ Qxf8 22. Qc2 Bf5 23. Rxb7 Qh6 24. Qd2 Qg5 25. Bb5 Bg4 26. Bd7 Bxd7 27. Rxd7 Qf5 28. Rxd6 Rf8 29.
Qe2 Rc8 30. Rc6 Rd8 31. d6 Qe6 32. Qd2 Rd7 33. b3 Kf8 34. Rc8+ Kf7 35. Rc7 Ke8 36. Rxd7 Kxd7 37. Qa5 Qxd6 38. Qxa7+ Ke6 39. h3 Qd1+ 40. Kh2 Qe2 41. a4 h5 42. Qb6+ Kf5 43. Qc5 h4 44.
Qf8+ Ke6 45. Qe8+ Kd5 46. Qf7+ Kc5 47. Qc4+ Qxc4 48. bxc4 Kxc4 49. g3 g5 50. Kg2 Kb4 51.
Kf2 Kxa4 52. gxh4 gxh4 53. Ke1 Kb3 54. Kd1 Kc3 55. Ke2 Kc2 56. Ke1 Kd3 57. Kf2 Kd2 58. Kf1 Kxe3 59. Ke1 Kf3 60. Kf1 e3 61. Ke1 e2 62. Kd2 Kf2 0-1

[Event "*** Titled Tuesday Blitz"]
[Site "Chess.com"]
[Date "2020.04.14"]
[Round "2"]
[White "dey2580"]
[Black "GukeshDommaraju"]
[Result "1/2-1/2"]
[WhiteElo "2479"]
[BlackElo "2700"]
[TimeControl "180+1"]
[EndTime "10:17:27 PDT"]
[Termination "Game drawn by repetition"]

1. d4 Nf6 2. Nf3 e6 3. e3 b6 4. Bd3 Bb7 5. O-O Be7 6. b3 O-O 7. Bb2 d5 8. c4 Nbd7 9. Nc3 a6 10. Qe2 Re8 11. e4 dxe4 12. Nxe4 c5 13. Rad1 cxd4 14.
Nxd4 Qc7 15. Ng5 Bc5 16. Ndf3 Rad8 17. h3 Qf4 18. Bc1 Qc7 19. Bb2 h6 20. Ne4 Be7 21.
Kh1 Qf4 22. Bc1 Qc7 23. Bb2 Nxe4 24. Bxe4 Bf6 25. Bxb7 Qxb7 26. Bxf6 Nxf6 27. Ne5 Qc7 28. f4 Rxd1 29. Rxd1 Rd8 30. Rd3 h5 31. Qd1 Rxd3 32.
Qxd3 g6 33. Qd4 Ne8 34. b4 Nd6 35. c5 Nf5 36. Qc4 bxc5 37. bxc5 h4 38. c6 Qa5 39. c7 Qe1+ 40. Kh2 Qg3+ 41. Kh1 Qe1+ 42. Kh2 Qg3+ 43. Kh1 Qe1+ 1/2-1/2

[Event "*** Titled Tuesday Blitz"]
[Site "Chess.com"]
[Date "2020.04.14"]
[Round "2"]
[White "Beca95"]
[Black "juniortay"]
[Result "1-0"]
[WhiteElo "2898"]
[BlackElo "2478"]
[TimeControl "180+1"]
[EndTime "10:17:27 PDT"]
[Termination "Beca95 won on time"]

1. Nf3 d5 2. e3 Nf6 3. c4 e6 4.
Nc3 c5 5. cxd5 exd5 6. d4 Nc6 7. Bb5 cxd4 8. Nxd4 Bd7 9. O-O Bd6 10. Nf3 a6 11. Be2 Be6 12. b3 O-O 13. Bb2 Bc7 14. Re1 Qd6 15. g3 Rad8 16. Rc1 Rfe8 17. Na4 Ne4 18. a3 Bc8 19. b4 Qh6 20. Nc5 Nxf2 21. Kxf2 Qxe3+ 22.
Kg2 Rd6 23. Bf1 d4 24. Rxe3 dxe3 25. Qe1 Bg4 26. Be2 Bxf3+ 27. Kxf3 Rd2 28. Bc3 Ra2 29. Rd1 Rxa3 30. Rd7 Be5 31. Bxe5 Nxe5+ 32. Kg2 Ra2 33. Rd4 Nc6 34. Re4 Rd8 35. Rxe3 Nxb4 36. Qxb4 h6 37. Qb3 Rad2 38. Kh3 g5 39. Bh5 Kg7 40. Qxf7+ 1-0

[Event "*** Titled Tuesday Blitz"]
[Site "Chess.com"]
[Date "2020.04.14"]
[Round "2"]
[White "ClockworkKubrick"]
[Black "Vojtastr"]
[Result "0-1"]
[WhiteElo "2215"]
[BlackElo "2480"]
[TimeControl "180+1"]
[EndTime "10:17:27 PDT"]
[Termination "Vojtastr won by resignation"]

1. e4 c5 2. Nf3 Nc6 3. Nc3 g6 4. Bb5 Bg7 5. O-O e5 6. d3 Nge7 7. Be3 d6 8. Qd2 O-O 9. Bxc6 bxc6 10. Bh6 f5 11. Bxg7 Kxg7 12. h3 fxe4 13. dxe4 Bxh3 14. Nxe5 Bxg2 15. Nxc6 Nxc6 16. Kxg2 Nd4 17. Rh1 h5 18. Rh3 Qf6 19. Nd5 Qe6 20. f3 Nxf3 21. Rxf3 Rxf3 22. Kxf3 Qg4+ 23. Ke3 Rf8 24. Qe2 Qg3+ 25. Kd2 Rf2 26.
Re1 h4 27. Ne3 Rxe2+ 28. Rxe2 h3 29. Nf1 Qf4+ 30. Ke1 Qc1+ 31. Kf2 Qxb2 32. Kg3 Qxa2 33. Kxh3 Qc4 34. Re1 a5 35. Kg3 a4 36. Kf2 a3 37. Ne3 Qd4 38. c3 Qxc3 39. Re2 Qb3 40. e5 a2 41. exd6 a1=Q 42. d7 Qf6+ 43. Ke1 Qd3 44.
Rd2 Qxd2+ 45. Kxd2 Qd4+ 46. Ke2 Qxd7 47. Ng4 Qxg4+ 0-1

[Event "*** Titled Tuesday Blitz"]
[Site "Chess.com"]
[Date "2020.04.14"]
[Round "2"]
[White "csati17"]
[Black "JakubPulpan"]
[Result "0-1"]
[WhiteElo "2533"]
[BlackElo "2761"]
[TimeControl "180+1"]
[EndTime "10:17:28 PDT"]
[Termination "JakubPulpan won by resignation"]

1. c4 e6 2. Nf3 Nf6 3. g3 d5 4. Bg2 Be7 5. O-O O-O 6. b3 b6 7. Bb2 Bb7 8. e3 c5 9. Nc3 Nbd7 10. Qe2 Rc8 11. Rfd1 Qc7 12. Rac1 Rfd8 13. h3 Qb8 14.
cxd5 Nxd5 15. Nxd5 Bxd5 16. d4 Qb7 17. Re1 cxd4 18.
e4 Rxc1 19. Bxc1 d3 20. Qe3 Bc6 21. Bb2 Bc5 22. Qg5 f6 23. Qg4 Nf8 24. Bxf6 h5 25.
Qg5 Nh7 26. Bxd8 Nxg5 27. Bxg5 Bxe4 28. Nh4 Bxg2 29. Nxg2 Bb4 30. Rxe6 Qd7 31. Re4 d2 32. Bxd2 Bxd2 33. Kh2 Kh7 34. Nh4 Qd5 35. Re2 Bg5 36. Ng2 Qf3 37. Rc2 h4 38. gxh4 Bf4+ 39. Kg1 0-1